 Dungeon Crawl Stone Soup version 0.31-a0-692-gf03d1854d5 (webtiles) character file.

Game seed: 12076011042491688431

90 qw the Shooter (level 4, -10/28 HPs)
             Began as a Gargoyle Hunter on Sept 6, 2023.
             Killed by divine providence
             ... invoked by an orc priest
              (14 damage)
             ... on level 3 of the Dungeon.
             The game lasted 00:00:31 (1528 turns).

qw the Shooter (Gargoyle Hunter)                    Turns: 1528, Time: 00:00:32

Health: -10/28     AC:  8    Str: 15    XL:     4   Next: 56%
Magic:  4/4        EV: 11    Int:  9    God:
Gold:   107        SH:  0    Dex: 15    Spells: 3/3 levels left

rFire   . . .        Y - +1 shortbow
rCold   . . .        (shield currently unavailable)
rNeg    + . .        f - +0 ring mail
rPois   inf          (no helmet)
rElec   +            (no cloak)
rCorr   .            (no gloves)
SInv    .            (no boots)
Will    .....        (no amulet) Stlth
                     (no ring)
HPRegen 0.24/turn    (no ring)
MPRegen 0.09/turn

%: no passive effects
@: confused
A: sickness immunity, AC +3, negative energy resistance 1, electricity
resistance, torment resistance 1, petrification resistance
a: no special abilities


You were on level 3 of the Dungeon.
You visited 1 branch of the dungeon, and saw 3 of its levels.

You collected 107 gold pieces.


Innate Abilities, Weirdness & Mutations

You are immune to sickness and miasma.
Your stone body is resilient. (AC +3)
You are immune to poison.
You resist negative energy. (rN+)
You are resistant to electric shocks. (rElec)
You are resistant to unholy torment.
You are immune to petrification.


   Skills:
 - Level 3.0 Fighting
 + Level 5.1 Ranged Weapons
 - Level 1.7 Armour
 - Level 1.5 Dodging
 - Level 1.1 Stealth


You had 3 spell levels left.
You didn't know any spells.
Your spell library was empty.

Inventory:

Hand Weapons
 Y - a +1 shortbow (weapon)
Armour
 f - a +0 ring mail (worn)
Scrolls
 a - a scroll of identify
Potions
 b - a potion of brilliance {unknown}
 c - a potion of curing {unknown}
 e - a potion of ambrosia {unknown}

Dungeon Overview and Level Annotations

Branches:
Dungeon (3/15)

Altars:


Message History

The worm is almost dead.
The goblin closely misses you.
You shoot an arrow.
The arrow hits the worm but does no damage.
The worm is almost dead.
The goblin hits you with a +0 dagger. The worm bites you!
You shoot an arrow. The arrow hits the worm.
You kill the worm!
The goblin closely misses you.
You shoot an arrow. The arrow hits the orc wizard.
The orc wizard is moderately wounded.
You hear a shout!
The goblin hits you but does no damage.
The orc wizard hits you but does no damage.
The goblin hits you but does no damage.
An orc priest comes into view. It is wielding a +0 short sword.
1522 |||
Found retreat position at 2,-1 (floor) with 0 blocking monsters and 1 monsters attacking at destination at distance 2
1522 ||| Stepping ~*~*~tactically~*~*~ (retreating).
The goblin unwields a +0 dagger.
The goblin wields a +0 sling.
The goblin shoots a sling bullet.
The sling bullet barely misses you.
1523 |||
Found retreat position at 1,0 (floor) with 0 blocking monsters and 1 monsters attacking at destination at distance 1
1523 ||| Stepping ~*~*~tactically~*~*~ (retreating).
The orc wizard points at you and mumbles some strange words.
You are confused.
The orc wizard casts a spell.
The orc wizard flickers and vanishes!
Deactivating autopickup; reactivate with Ctrl-A.
The goblin shoots a sling bullet.
You hear some strange, mumbled words.
A magic dart appears from out of thin air!
The magic dart hits you.
The goblin shoots a sling bullet.
The sling bullet hits you but does no damage.
The orc priest mumbles some strange prayers to Beogh against you.
Beogh smites you! Something hits you.
The goblin shoots a sling bullet.
Something hits you but does no damage.
The orc priest calls down the wrath of Beogh upon you.
Beogh smites you!
Ouch! That really hurt!
You die...

..#####........####
##......##
##....#####..
#.#.........
#.##.#####..
#.##..# #.###.#
#######.##########
........o{@.......
#...#..og####.....
#. #...)# ...
#....# . ##..o.
#...#. #...#..
##..# .. #..# ##g


You could see an orc priest, an orc and a goblin.

Vanquished Creatures
  An iguana (D:3)
  An adder (D:2)
  3 worms
  2 dart slugs
  2 orcs (D:3)
  A ball python (D:1)
  6 endoplasms
  A giant cockroach (D:3)
  2 goblins
  5 hobgoblins
  2 kobolds (D:1)
  2 quokkas
  3 bats
  2 frilled lizards
  8 rats
41 creatures vanquished.

Notes
Turn   | Place    | Note
-------+----------+-------------------------------------------
     0 | D:1      | qw the Gargoyle Hunter began the quest for the Orb.
     0 | D:1      | Reached XP level 1. HP: 12/12 MP: 1/1
     0 | D:1      | 0 ||| qw: Version: 0.3-a-76-g4403597
     0 | D:1      | 0 ||| qw: Game counter: 345
     0 | D:1      | 0 ||| qw: Melee chars always use a shield: true
     0 | D:1      | 0 ||| qw: God list: Okawaru
     0 | D:1      | 0 ||| qw: Allow faded altars: false
     0 | D:1      | 0 ||| qw: Do Orc after clearing Dungeon:15 true
     0 | D:1      | 0 ||| qw: Do second Lair branch before Depths: true
     0 | D:1      | 0 ||| qw: Lair rune preference: random
     0 | D:1      | 0 ||| qw: Goals: Normal
     0 | D:1      | 0 ||| PLANNING D:1-11
   191 | D:1      | Reached XP level 2. HP: 17/17 MP: 2/2
   541 | D:1      | 541 ||| READING scroll labelled FYCVIV EMUHU.
   542 | D:1      | 542 ||| READING scroll labelled REIGEP FIPPU.
   543 | D:1      | 543 ||| READING scroll labelled ALOUNGOWNYTUNK.
   544 | D:1      | 544 ||| READING scroll labelled TEYMUM ZUNLIA.
   545 | D:1      | 545 ||| DROPPING scroll of butterflies.
   621 | D:2      | Reached XP level 3. HP: 21/21 MP: 3/3
   633 | D:2      | Reached skill level 5 in Ranged Weapons
   706 | D:2      | 706 ||| Stepping ~*~*~tactically~*~*~ (water).
  1241 | D:2      | Reached skill level 3 in Fighting
  1355 | D:2      | 1355 ||| UPGRADING to +0 ring mail.
  1365 | D:2      | 1365 ||| DROPPING +0 leather armour.
  1366 | D:2      | 1366 ||| READING scroll labelled IRI KETIYFO.
  1409 | D:3      | Reached skill level 1 in Armour
  1409 | D:3      | Reached XP level 4. HP: 13/28 MP: 4/4
  1409 | D:3      | 1409 ||| STAIRDANCE
  1511 | D:3      | 1511 ||| Stepping ~*~*~tactically~*~*~ (outnumbered).
  1522 | D:3      | 1522 ||| Stepping ~*~*~tactically~*~*~ (retreating).
  1523 | D:3      | 1523 ||| Stepping ~*~*~tactically~*~*~ (retreating).
  1527 | D:3      | HP: 6/28 [orc priest/divine providence (11)]
  1528 | D:3      | Killed from afar by an orc priest

Levels and vault maps discovered:
D:1:      dpeg_arrival_erosion, layout_basic
D:2:      wander_river, layout_basic, kennysheep_generic_room_6
D:3:      minmay_recursive_quarters, layout_loops_ring,
          nicolae_gozag_zags_fifth_avenue, fountainhead

Skill      XL: |  1  2  3 |
---------------+----------+-----
Ranged Weapons | 5 |  5.1
Fighting       | 3 |  3.0
Armour         | 1 |  1.7
Dodging        | |  1.5
Stealth        | |  1.1

Action                     |  1- 3 |  4- 6 || total
---------------------------+-------+-------++-------
   Fire: Shortbow          |    86 |    28 ||   114
    Use: Scroll            |     5 |       ||     5
 Armour: Leather armour    |     5 |       ||     5
         Ring mail         |     4 |    11 ||    15
  Dodge: Dodged            |    10 |     6 ||    16

Table legend:
 A = Non-vault XP
 B = Vault XP
 C = Vault XP percentage of total XP
 D = Non-vault monster count
 E = Vault monster count
 F = Vault count percentage of total count
                 A         B        C        D         E       F
            +---------+---------+-------+---------+---------+-------
      Total |     120 |       9 |   7.0 |      37 |       4 |   9.8
            +---------+---------+-------+---------+---------+-------
        D:1 |      30 |       0 |   0.0 |      18 |       0 |   0.0
        D:2 |      39 |       1 |   2.5 |      13 |       1 |   7.1
        D:3 |      51 |       8 |  13.6 |       6 |       3 |  33.3
            +---------+---------+-------+---------+---------+-------
